IL
RENO ACES @ OKLAHOMA CITY DODGERS
06/03/2048
 
TOP OF THE 1ST
Reno Aces batting - Pitching for Oklahoma City Dodgers : RHP Santiago Montero
Pitching: RHP Santiago Montero
Batting: RHB Roberto Rodriguez 0-0: Foul Ball, location: 2F
0-1: Foul Ball, location: 2F
0-2: SOLO HOME RUN (Flyball, 78XD, EV 87.5 MPH) (Inside the Park)
Batting: LHB Jeff Densmore 0-0: Called Strike
0-1: Called Strike
0-2: Ball
1-2: Foul Ball, location: 2F
1-2: Strikes out looking
Batting: LHB Ian Jarvis 0-0: Called Strike
0-1: Called Strike
0-2: Ball
1-2: Strikes out swinging
Batting: LHB Kyle Beaulieu 0-0: Ball
1-0: Called Strike
1-1: Ball
2-1: Ground out 6-3 (Groundball, 6M, EV 85.6 MPH)
Top of the 1st over - 1 run, 1 hit, 0 errors, 0 left on base; Reno 1 - Oklahoma City 0
BOTTOM OF THE 1ST
Oklahoma City Dodgers batting - Pitching for Reno Aces : RHP Chad Pfeiffer
Pitching: RHP Chad Pfeiffer
Batting: RHB Wing-kit Bu 0-0: Called Strike
0-1: Foul Ball, location: 2F
0-2: Ball
1-2: Ball
2-2: Foul Ball, location: 2F
2-2: Foul Ball, location: 2F
2-2: Foul Ball, location: 2F
2-2: Foul Ball, location: 2F
2-2: DOUBLE (Line Drive, 8RXD, EV 110.0 MPH)
Batting: RHB Theo Schepers 0-0: Ball
1-0: Called Strike
1-1: Ground out 5-3 (Groundball, 56S, EV 85.6 MPH)
Batting: LHB Jose Robles 0-0: Ground out 5-3 (Groundball, 56, EV 100.6 MPH)
Batting: LHB Chris Fandino 0-0: Called Strike
0-1: Ball
1-1: Foul Ball, location: 2F
1-2: Foul Ball, location: 2F
1-2: Ball
2-2: SINGLE (Flyball, 34D, EV 98.8 MPH)
Wing-kit Bu to third
Runner from 3rd tries for Home, throw by RF and OUT! 9-2
Bottom of the 1st over - 0 runs, 2 hits, 0 errors, 1 left on base; Reno 1 - Oklahoma City 0
TOP OF THE 2ND
Reno Aces batting - Pitching for Oklahoma City Dodgers : RHP Santiago Montero
Batting: LHB Kevin Ferguson 0-0: Foul Ball, location: 2F
0-1: Ball
1-1: Ball
2-1: Swinging Strike
2-2: Ball
3-2: Base on Balls
Batting: RHB Marlon Reda 0-0: Ball
1-0: Swinging Strike
1-1: Ball
2-1: Called Strike
2-2: Strikes out swinging
Batting: LHB Sam Dowdy 0-0: Swinging Strike
0-1: Called Strike
0-2: Ball
1-2: Ball
2-2: Strikes out swinging
Batting: RHB Danny Gerardo 0-0: Swinging Strike
0-1: Called Strike
0-2: Ball
1-2: Foul Ball, location: 2F
1-2: Ball
2-2: Foul Ball, location: 2F
2-2: Foul Ball, location: 2F
2-2: Ball
Kevin Ferguson is caught stealing 2nd base 2-4
Top of the 2nd over - 0 runs, 0 hits, 0 errors, 0 left on base; Reno 1 - Oklahoma City 0
BOTTOM OF THE 2ND
Oklahoma City Dodgers batting - Pitching for Reno Aces : RHP Chad Pfeiffer
Batting: RHB Curt Earnest 0-0: Called Strike
0-1: Ball
1-1: Swinging Strike
1-2: Foul Ball, location: 2F
1-2: SINGLE (Line Drive, 9LS, EV 107.5 MPH)
Batting: RHB Jeremy Giesler 0-0: Ball
1-0: Ball
2-0: Ball
3-0: Called Strike
3-1: Base on Balls
Curt Earnest to second
Batting: LHB Chris Raymond 0-0: Foul Ball, location: 2F
0-1: Foul Ball, location: 2F
0-2: Ball
1-2: Strikes out looking
Batting: LHB Darrell Ortega 0-0: Swinging Strike
0-1: Fly out, F7 (Flyball, 7, EV 85.0 MPH)
Batting: RHB Carlos Talavera 0-0: Ball
1-0: Swinging Strike
1-1: Ball
2-1: DOUBLE (Flyball, 78XD, EV 101.9 MPH)
Curt Earnest scores
Jeremy Giesler to third
Batting: RHB Wing-kit Bu 0-0: Ball
1-0: Foul Ball, location: 2F
1-1: Ball
2-1: Called Strike
2-2: Ball
3-2: Strikes out swinging
Bottom of the 2nd over - 1 run, 2 hits, 0 errors, 2 left on base; Reno 1 - Oklahoma City 1
TOP OF THE 3RD
Reno Aces batting - Pitching for Oklahoma City Dodgers : RHP Santiago Montero
Batting: RHB Danny Gerardo 0-0: Foul Ball, location: 2F
0-1: Ball
1-1: Swinging Strike
1-2: Foul Ball, location: 2F
1-2: Strikes out swinging
Batting: RHB Jonathan Lugo 0-0: Ball
1-0: Called Strike
1-1: Foul Ball, location: 2F
1-2: Foul Ball, location: 2F
1-2: Strikes out swinging
Batting: RHB Roberto Rodriguez 0-0: Called Strike
0-1: Swinging Strike
0-2: Ground out 5-3 (Groundball, 5, EV 101.9 MPH)
Top of the 3rd over - 0 runs, 0 hits, 0 errors, 0 left on base; Reno 1 - Oklahoma City 1
BOTTOM OF THE 3RD
Oklahoma City Dodgers batting - Pitching for Reno Aces : RHP Chad Pfeiffer
Batting: RHB Theo Schepers 0-0: Ball
1-0: Foul Ball, location: 2F
1-1: Ball
2-1: SINGLE (Line Drive, 78M, EV 112.5 MPH)
Batting: LHB Jose Robles 0-0: Ball
1-0: Fly out, F7 (Line Drive, 78M, EV 96.2 MPH)
Batting: LHB Chris Fandino 0-0: Called Strike
0-1: Ball
1-1: Ball
2-1: Ball
3-1: Base on Balls
Theo Schepers to second
Batting: RHB Curt Earnest 0-0: Called Strike
0-1: Grounds into double play, 6-4-3 (Groundball, 6, EV 88.8 MPH)
Bottom of the 3rd over - 0 runs, 1 hit, 0 errors, 1 left on base; Reno 1 - Oklahoma City 1
TOP OF THE 4TH
Reno Aces batting - Pitching for Oklahoma City Dodgers : RHP Santiago Montero
Batting: LHB Jeff Densmore 0-0: Foul Ball, location: 2F
0-1: Foul Ball, location: 2F
0-2: Ball
1-2: Ball
2-2: Strikes out looking
Batting: LHB Ian Jarvis 0-0: Ball
1-0: Ball
2-0: Swinging Strike
2-1: Ball
3-1: Called Strike
3-2: Base on Balls
Batting: LHB Kyle Beaulieu 0-0: Ball
1-0: Ball
2-0: Called Strike
2-1: SINGLE (Line Drive, 4MD, EV 93.8 MPH)
Ian Jarvis to second
Batting: LHB Kevin Ferguson 0-0: Swinging Strike
0-1: Foul Ball, location: 2F
0-2: Ball
1-2: Foul Ball, location: 2F
1-2: Ball
2-2: Strikes out swinging
Batting: RHB Marlon Reda 0-0: Ball
1-0: Swinging Strike
1-1: Foul Ball, location: 2F
1-2: Strikes out swinging
Top of the 4th over - 0 runs, 1 hit, 0 errors, 2 left on base; Reno 1 - Oklahoma City 1
BOTTOM OF THE 4TH
Oklahoma City Dodgers batting - Pitching for Reno Aces : RHP Chad Pfeiffer
Batting: RHB Jeremy Giesler 0-0: Called Strike
0-1: Ball
1-1: Foul Ball, location: 2F
1-2: Ball
2-2: Foul Ball, location: 2F
2-2: Foul Ball, location: 2F
2-2: Foul Ball, location: 2F
2-2: Ball
3-2: Strikes out swinging
Batting: LHB Chris Raymond 0-0: Ball
1-0: Foul Ball, location: 2F
1-1: Ball
2-1: Ground out 6-3 (Groundball, 6, EV 84.4 MPH)
Batting: LHB Darrell Ortega 0-0: Ball
1-0: SINGLE (Line Drive, 8LS, EV 91.2 MPH)
Batting: RHB Carlos Talavera 0-0: Ball
1-0: Ground out 4-3 (Groundball, 4, EV 85.0 MPH)
Bottom of the 4th over - 0 runs, 1 hit, 0 errors, 1 left on base; Reno 1 - Oklahoma City 1
TOP OF THE 5TH
Reno Aces batting - Pitching for Oklahoma City Dodgers : RHP Santiago Montero
Batting: LHB Sam Dowdy 0-0: Ball
1-0: Foul Ball, location: 2F
1-1: Ball
2-1: Foul Ball, location: 2F
2-2: Ball
3-2: Strikes out swinging
Batting: RHB Danny Gerardo 0-0: Ground out 3-1 (Groundball, 34, EV 106.2 MPH)
Batting: RHB Jonathan Lugo 0-0: Called Strike
0-1: Foul Ball, location: 2F
0-2: Ball
1-2: Strikes out swinging
Top of the 5th over - 0 runs, 0 hits, 0 errors, 0 left on base; Reno 1 - Oklahoma City 1
BOTTOM OF THE 5TH
Oklahoma City Dodgers batting - Pitching for Reno Aces : RHP Chad Pfeiffer
Batting: RHB Wing-kit Bu 0-0: Ball
1-0: Swinging Strike
1-1: Foul Ball, location: 2F
1-2: Ground out U3 (Groundball, 34, EV 81.9 MPH)
Batting: RHB Theo Schepers 0-0: Ball
1-0: Called Strike
1-1: Foul Ball, location: 2F
1-2: Ball
2-2: Ground out 6-3 (Groundball, 56D, EV 111.9 MPH)
Batting: LHB Jose Robles 0-0: Called Strike
0-1: Fly out, F8 (Flyball, 78M, EV 93.1 MPH)
Bottom of the 5th over - 0 runs, 0 hits, 0 errors, 0 left on base; Reno 1 - Oklahoma City 1
TOP OF THE 6TH
Reno Aces batting - Pitching for Oklahoma City Dodgers : RHP Santiago Montero
Pitching: LHP Dave Burridge
Batting: RHB Roberto Rodriguez 0-0: Ball
1-0: Ball
2-0: Called Strike
2-1: Foul Ball, location: 2F
2-2: Strikes out swinging, 2-3 out at first.
Batting: LHB Jeff Densmore 0-0: Ball
1-0: Fly out, F7 (Line Drive, 7S, EV 109.4 MPH)
Batting: LHB Ian Jarvis 0-0: Fly out, F7 (Flyball, 7S, EV 86.9 MPH)
Top of the 6th over - 0 runs, 0 hits, 0 errors, 0 left on base; Reno 1 - Oklahoma City 1
BOTTOM OF THE 6TH
Oklahoma City Dodgers batting - Pitching for Reno Aces : RHP Chad Pfeiffer
Batting: LHB Chris Fandino 0-0: Ball
1-0: Ball
2-0: Ball
3-0: Base on Balls
Pitching: RHP Chad Toms
Batting: RHB Curt Earnest 0-0: Foul Ball, location: 2F
0-1: Foul Ball, location: 2F
0-2: Foul Ball, location: 2F
0-2: Ball
1-2: Foul Ball, location: 2F
1-2: Strikes out swinging
Batting: RHB Jeremy Giesler 0-0: Ball
1-0: Fly out, F7 (Flyball, 7S, EV 90.6 MPH)
Batting: LHB Chris Raymond 0-0: Fielders Choice at 2nd, 5-4 (Groundball, 56, EV 93.1 MPH)
Bottom of the 6th over - 0 runs, 0 hits, 0 errors, 1 left on base; Reno 1 - Oklahoma City 1
TOP OF THE 7TH
Reno Aces batting - Pitching for Oklahoma City Dodgers : LHP Dave Burridge
Pinch Hitting: RHB Edgar Garcia 0-0: Ball
1-0: Ball
2-0: Ground out 6-3 (Groundball, 6, EV 86.2 MPH)
Pinch Hitting: RHB Justin McQuarter 0-0: Ball
1-0: Foul Ball, location: 2F
1-1: Ball
2-1: Ball
3-1: SINGLE (Groundball, 34D, EV 94.4 MPH)
Batting: RHB Marlon Reda 0-0: Foul Ball, location: 2F
0-1: Foul Ball, location: 2F
0-2: Ball
1-2: Strikes out swinging
Batting: RHB Dustin Clark 0-0: Called Strike
0-1: Called Strike
0-2: Ball
1-2: Ball
2-2: Ball
3-2: Foul Ball, location: 2F
3-2: Strikes out swinging
Top of the 7th over - 0 runs, 1 hit, 0 errors, 1 left on base; Reno 1 - Oklahoma City 1
BOTTOM OF THE 7TH
Oklahoma City Dodgers batting - Pitching for Reno Aces : RHP Chad Toms
Now at 1B: Justin McQuarter
Now in LF: Edgar Garcia
Batting: LHB Darrell Ortega 0-0: Ball
1-0: Swinging Strike
1-1: Foul Ball, location: 2F
1-2: Ball
2-2: Ground out 5-3 (Groundball, 56, EV 87.5 MPH)
Batting: RHB Carlos Talavera 0-0: Ball
1-0: Called Strike
1-1: SINGLE (Line Drive, 34D, EV 96.9 MPH)
Batting: RHB Wing-kit Bu 0-0: Swinging Strike
0-1: Called Strike
0-2: Ball
1-2: Strikes out looking
Batting: RHB Theo Schepers 0-0: Called Strike
0-1: Fly out, F7 (Flyball, 7D, EV 91.9 MPH)
Bottom of the 7th over - 0 runs, 1 hit, 0 errors, 1 left on base; Reno 1 - Oklahoma City 1
TOP OF THE 8TH
Reno Aces batting - Pitching for Oklahoma City Dodgers : LHP Dave Burridge
Pitching: LHP J.P. Blair
Batting: RHB Danny Gerardo 0-0: Called Strike
0-1: Called Strike
0-2: Strikes out swinging
Batting: RHB Jonathan Lugo 0-0: Ball
1-0: Ball
2-0: Called Strike
2-1: Foul Ball, location: 2F
2-2: Foul Ball, location: 2F
2-2: Fly out, F1 (Popup, P, EV 76.9 MPH)
Batting: RHB Roberto Rodriguez 0-0: Ball
1-0: Called Strike
1-1: Foul Ball, location: 2F
1-2: Foul Ball, location: 2F
1-2: Ball
2-2: Strikes out swinging
Top of the 8th over - 0 runs, 0 hits, 0 errors, 0 left on base; Reno 1 - Oklahoma City 1
BOTTOM OF THE 8TH
Oklahoma City Dodgers batting - Pitching for Reno Aces : RHP Chad Toms
Batting: LHB Jose Robles 0-0: Foul Ball, location: 2F
0-1: Ball
1-1: Ball
2-1: Foul Ball, location: 2F
2-2: Strikes out looking
Batting: LHB Chris Fandino 0-0: Ball
1-0: Ground out 4-3 (Groundball, 4, EV 82.5 MPH)
Batting: RHB Curt Earnest 0-0: Foul Ball, location: 2F
0-1: Ball
1-1: Foul Ball, location: 2F
1-2: Foul Ball, location: 2F
1-2: Ball
2-2: Ball
3-2: Fly out, F9 (Flyball, 9S, EV 82.5 MPH)
Bottom of the 8th over - 0 runs, 0 hits, 0 errors, 0 left on base; Reno 1 - Oklahoma City 1
TOP OF THE 9TH
Reno Aces batting - Pitching for Oklahoma City Dodgers : LHP J.P. Blair
Pinch Hitting: RHB Cesar Chavez 0-0: Called Strike
0-1: Swinging Strike
0-2: Strikes out swinging
Batting: LHB Ian Jarvis 0-0: Swinging Strike
0-1: Foul Ball, location: 2F
0-2: Strikes out swinging, 2-3 out at first.
Batting: RHB Edgar Garcia 0-0: Ball
1-0: Ball
2-0: Called Strike
2-1: Foul Ball, location: 2F
2-2: Strikes out swinging
Top of the 9th over - 0 runs, 0 hits, 0 errors, 0 left on base; Reno 1 - Oklahoma City 1
BOTTOM OF THE 9TH
Oklahoma City Dodgers batting - Pitching for Reno Aces : RHP Chad Toms
Pitching: LHP Afanasy Apatenko
Now in RF: Dan Boylan
Batting: RHB Jeremy Giesler 0-0: Ball
1-0: Foul Ball, location: 2F
1-1: Ball
2-1: Ball
3-1: Fly out, F7 (Flyball, 7LSF, EV 91.9 MPH)
Batting: LHB Chris Raymond 0-0: Called Strike
0-1: Foul Ball, location: 2F
0-2: Ball
1-2: Ball
2-2: Ball
3-2: Fly out, F8 (Flyball, 8LM, EV 91.9 MPH)
Pinch Hitting: RHB Mike Zimmerly 0-0: Called Strike
0-1: Foul Ball, location: 2F
0-2: Ball
1-2: Strikes out swinging
Bottom of the 9th over - 0 runs, 0 hits, 0 errors, 0 left on base; Reno 1 - Oklahoma City 1
TOP OF THE 10TH
Reno Aces batting - Pitching for Oklahoma City Dodgers : LHP J.P. Blair
Pitching: RHP Juan Hurtado
Now in LF: Tony Morales
Batting: RHB Justin McQuarter 0-0: Ball
1-0: Called Strike
1-1: Swinging Strike
1-2: Strikes out swinging
Batting: RHB Marlon Reda 0-0: Swinging Strike
0-1: Ball
1-1: Ball
2-1: Swinging Strike
2-2: Foul Ball, location: 2F
2-2: Ball
3-2: Strikes out looking
Batting: RHB Dustin Clark 0-0: Foul Ball, location: 2F
0-1: Foul Ball, location: 2F
0-2: Ball
1-2: Foul Ball, location: 2F
1-2: Foul Ball, location: 2F
1-2: Ball
2-2: Ball
3-2: Base on Balls
Batting: RHB Danny Gerardo 0-0: Ball
1-0: Foul Ball, location: 2F
1-1: SINGLE (Groundball, 4M, EV 98.1 MPH) (infield hit)
Dustin Clark to second
Pinch Hitting: SHB Carlos Rodriguez 0-0: Called Strike
0-1: Ball
1-1: Foul Ball, location: 2F
1-2: SINGLE (Groundball, 6M, EV 105.0 MPH) (infield hit)
Dustin Clark to third
Danny Gerardo to second
Batting: RHB Roberto Rodriguez 0-0: Ball
1-0: Ball
2-0: Fielders Choice at 2nd, 6-4 (Groundball, 6, EV 86.2 MPH)
Top of the 10th over - 0 runs, 2 hits, 0 errors, 3 left on base; Reno 1 - Oklahoma City 1
BOTTOM OF THE 10TH
Oklahoma City Dodgers batting - Pitching for Reno Aces : LHP Afanasy Apatenko
Pitching: RHP Mike Osgood
Now at 2B: Edgar Garcia
Now in LF: Roberto Rodriguez
Now in CF: Carlos Rodriguez
Batting: RHB Carlos Talavera 0-0: Ball
1-0: Called Strike
1-1: Called Strike
1-2: Ball
2-2: Ball
3-2: Strikes out swinging
Batting: RHB Wing-kit Bu 0-0: Ball
1-0: Called Strike
1-1: Called Strike
1-2: SINGLE (Groundball, 25, EV 73.8 MPH) (infield hit)
Batting: RHB Theo Schepers 0-0: Ball
Wild Pitch!
Wing-kit Bu to second
1-0: Called Strike
1-1: Ball
2-1: Foul Ball, location: 2F
2-2: Foul Ball, location: 2F
2-2: Ground out 6-3 (Groundball, 6, EV 99.4 MPH)
Batting: LHB Jose Robles 0-0: Ball
1-0: Called Strike
1-1: Swinging Strike
1-2: Foul Ball, location: 2F
1-2: Foul Ball, location: 2F
1-2: Ball
2-2: Strikes out looking
Bottom of the 10th over - 0 runs, 1 hit, 0 errors, 1 left on base; Reno 1 - Oklahoma City 1
TOP OF THE 11TH
Reno Aces batting - Pitching for Oklahoma City Dodgers : RHP Juan Hurtado
Pitching: RHP Takashi Kashiwabara
Pinch Hitting: SHB Gerardo Flores 0-0: Ground out 4-3 (Groundball, 4, EV 79.4 MPH)
Batting: LHB Ian Jarvis 0-0: Ball
1-0: Ball
2-0: Swinging Strike
2-1: SINGLE (Groundball, 56D, EV 94.4 MPH)
Batting: RHB Edgar Garcia 0-0: Foul Ball, location: 2F
0-1: Foul Ball, location: 2F
0-2: Ball
1-2: Ball
2-2: Foul Ball, location: 2F
2-2: Strikes out swinging
Batting: RHB Justin McQuarter 0-0: Ball
1-0: Foul Ball, location: 2F
1-1: Swinging Strike
1-2: Ball
2-2: Ball
3-2: Foul Ball, location: 2F
3-2: Foul Ball, location: 2F
3-2: Base on Balls
Ian Jarvis to second
Batting: RHB Marlon Reda 0-0: Called Strike
0-1: Ball
1-1: Ball
2-1: Called Strike
2-2: Strikes out swinging
Top of the 11th over - 0 runs, 1 hit, 0 errors, 2 left on base; Reno 1 - Oklahoma City 1
BOTTOM OF THE 11TH
Oklahoma City Dodgers batting - Pitching for Reno Aces : RHP Mike Osgood
Now in LF: Gerardo Flores
Now in RF: Roberto Rodriguez
Batting: LHB Chris Fandino 0-0: Foul Ball, location: 2F
0-1: Swinging Strike
0-2: Strikes out swinging
Batting: RHB Curt Earnest 0-0: Ball
1-0: Foul Ball, location: 2F
1-1: Ball
2-1: Called Strike
2-2: Foul Ball, location: 2F
2-2: Foul Ball, location: 2F
2-2: Strikes out swinging, 2-3 out at first.
Batting: RHB Jeremy Giesler 0-0: Ball
1-0: Ball
2-0: Ball
3-0: Base on Balls
Pitching: RHP Jose Fernandez
Batting: LHB Chris Raymond 0-0: Ball
Jeremy Giesler steals 2nd base
1-0: Ball
2-0: Foul Ball, location: 2F
2-1: Foul Ball, location: 2F
2-2: Strikes out looking
Bottom of the 11th over - 0 runs, 0 hits, 0 errors, 1 left on base; Reno 1 - Oklahoma City 1
TOP OF THE 12TH
Reno Aces batting - Pitching for Oklahoma City Dodgers : RHP Takashi Kashiwabara
Batting: RHB Dustin Clark 0-0: Foul Ball, location: 2F
0-1: Called Strike
0-2: Ball
1-2: Ball
2-2: Ball
3-2: Base on Balls
Batting: RHB Danny Gerardo 0-0: Ball
1-0: Foul Ball, location: 2F
1-1: Foul Ball, location: 2F
1-2: Foul Ball, location: 2F
1-2: Strikes out swinging
Batting: SHB Carlos Rodriguez 0-0: Ground out 5-3 (Groundball, 5, EV 88.1 MPH)
Dustin Clark to second
Batting: RHB Roberto Rodriguez 0-0: Ball
1-0: Foul Ball, location: 2F
1-1: Ball
2-1: Ball
3-1: Base on Balls
Batting: SHB Gerardo Flores 0-0: Ground out U3 (Groundball, 3, EV 75.6 MPH)
Top of the 12th over - 0 runs, 0 hits, 0 errors, 2 left on base; Reno 1 - Oklahoma City 1
BOTTOM OF THE 12TH
Oklahoma City Dodgers batting - Pitching for Reno Aces : RHP Jose Fernandez
Batting: LHB Tony Morales 0-0: Called Strike
0-1: Ball
1-1: Foul Ball, location: 2F
1-2: Foul Ball, location: 2F
1-2: Strikes out swinging
Batting: RHB Carlos Talavera 0-0: Swinging Strike
0-1: SINGLE (Groundball, 56S, EV 68.8 MPH) (infield hit)
Batting: RHB Wing-kit Bu 0-0: Foul Ball, location: 2F
0-1: Foul Ball, location: 2F
0-2: Fielders Choice at 2nd, 3-6 (Groundball, 3, EV 85.6 MPH)
Batting: RHB Theo Schepers 0-0: Called Strike
Wing-kit Bu is caught stealing 2nd base 2-4
Bottom of the 12th over - 0 runs, 1 hit, 0 errors, 0 left on base; Reno 1 - Oklahoma City 1
TOP OF THE 13TH
Reno Aces batting - Pitching for Oklahoma City Dodgers : RHP Takashi Kashiwabara
Batting: LHB Ian Jarvis 0-0: Foul Ball, location: 2F
0-1: Swinging Strike
0-2: Ball
1-2: Reached on error, E3 (Groundball, 34, EV 80.0 MPH)
Batting: RHB Edgar Garcia 0-0: Ball
1-0: Foul Ball, location: 2F
1-1: Swinging Strike
1-2: Strikes out looking
Batting: RHB Justin McQuarter 0-0: Ball
Pickoff Throw to First - Error! E1
Ian Jarvis to second
1-0: Swinging Strike
1-1: Swinging Strike
1-2: Ball
2-2: Strikes out swinging
Pitching: RHP Edwin Carrasco
Batting: RHB Marlon Reda 0-0: Ball
1-0: Ball
2-0: SINGLE (Line Drive, 89S, EV 102.5 MPH)
Ian Jarvis to third
Batting: RHB Dustin Clark 0-0: Ball
1-0: Fielders Choice at 2nd, 6-4 (Groundball, 6, EV 77.5 MPH)
Top of the 13th over - 0 runs, 1 hit, 2 errors, 2 left on base; Reno 1 - Oklahoma City 1
BOTTOM OF THE 13TH
Oklahoma City Dodgers batting - Pitching for Reno Aces : RHP Jose Fernandez
Batting: RHB Theo Schepers 0-0: Called Strike
0-1: Ball
1-1: SINGLE (Line Drive, 8RS, EV 101.2 MPH)
Batting: LHB Jose Robles 0-0: Ball
1-0: Ball
2-0: Ball
3-0: Base on Balls
Theo Schepers to second
Batting: LHB Chris Fandino 0-0: Fly out, F7 (Flyball, 7, EV 88.8 MPH)
Batting: RHB Curt Earnest 0-0: Ball
Wild Pitch!
Theo Schepers to third
Jose Robles to second
1-0: Foul Ball, location: 2F
1-1: Ball
2-1: Ball
3-1: Swinging Strike
3-2: Foul Ball, location: 2F
3-2: Strikes out swinging
Pitching: RHP Marco Rodriguez
Batting: RHB Jeremy Giesler 0-0: Ball
1-0: Foul Ball, location: 2F
1-1: SINGLE (Groundball, 56D, EV 103.1 MPH)
Theo Schepers scores
Bottom of the 13th over - 1 run, 2 hits, 0 errors, 2 left on base; Reno 1 - Oklahoma City 2
Tuesday, March 28th , 2023 - OOTP Baseball 23.10 Build 110